cohdb
Replays
Latest Replays
All Replays
Popular Replays
Top Player Replays
Match Explorer
How It Works
Community
CoH3 Stats
Reddit
Sign in to upload your games and track your stats! →
Sign in with Steam
Match 42958811
Unlisted
Match 42958811
Overview
Messages
Build Orders
End
Panzerpioneer Squad
Panzerpioneer Squad
Selects Italian Infantry
Kradschützen Motorcycle Team
250 Light Carrier
Construct Light Support Kompanie
MG34 Team
2.5-tonne Medical Truck
Combat Half-tracks
Forward Retreat Point
Fire Support Elements
Panzerjäger Mechanized Group
Selects Guastatori Squad
Guastatori Squad
Construct Panzerarmee Kommand
Selects Defensive Operations
Guastatori Squad
Walking Stuka Rocket Launcher
Walking Stuka Rocket Launcher
Selects Prepared Positions
Armored Reserves
Pak 38 Mechanized Group
Flak 36 Anti-tank Gun Team
Tiger Heavy Tank
Emergency Repair Kits
Selects Obice 305mm Barrage
Selects Registered Artillery
Guastatori Squad
StuG Assault Group
Vehicle Survival Package
Walking Stuka Rocket Launcher
Rapid Advance
Guastatori Squad
Flakvierling Half-track
Walking Stuka Rocket Launcher
Obice 305mm Barrage
Panzer IV Assault Group
Tungsten Core Ammunition
Guastatori Squad
UH|dun! ツ
UH|ck
iceman
Gawain_77
MagnusT
Cloud Strife
0
0
Comments
sign in to comment!
No comments posted yet!